Map: Moondance

Players

Timorus - Winner!

  • Race: Terran Terran
  • Spawn Location: 6:00

Azure

  • Race: Terran Terran
  • Spawn Location: 12:00

Event: DreamHack SC2 Masters 2022 Atlanta (Offline)

VOD

Have the link to the VOD?

Description

Time

  • Played on: Nov. 18, 2022, 1:48 p.m.
  • Length: 21:45

All games in this series

Show
View Real Time Build Order
Export as new Build Order

Timorus Terran - Winner!

Build Orders:  

Get SALT Encoding   

  12  0:00  SCV  
  13  0:13  SCV  
  14  0:16  Supply Depot  
  14  0:25  SCV  
  15  0:38  SCV  
  15  0:40  Barracks  
  16  0:43  Refinery  
  16  0:50  SCV  
  16  0:52  Refinery  
  17  1:02  SCV  
  18  1:14  SCV  
  19  1:28  Reaper, Orbital Command  
  20  1:33  Supply Depot  
  20  1:41  Factory  
  20  1:54  SCV  
  21  2:00  Barracks Reactor  
  21  2:06  SCV  
  22  2:18  SCV  
  22  2:22  Command Center  
  23  2:26  Hellion  
  25  2:30  SCV  
  25  2:36  Reaper x2  
  28  2:39  Supply Depot  
  28  2:42  SCV  
  29  2:48  Hellion  
  31  2:55  Starport  
  31  3:00  SCV  
  32  3:08  Reaper x2  
  32  3:09  Hellion  
  36  3:15  SCV  
  37  3:20  Refinery  
  37  3:27  SCV  
  37  3:30  Factory Tech Lab  
  37  3:32  Starport Tech Lab  
  37  3:34  Orbital Command  
  38  3:40  SCV, Marine x2  
  41  3:49  Cyclone  
  41  3:52  SCV  
  45  3:56  Supply Depot  
  45  4:02  SCV  
  45  4:04  SCV  
  44  4:10  Raven  
  44  4:14  SCV  
  44  4:16  SCV  
  45  4:25  Marine  
  45  4:26  SCV, Siege Tank  
  45  4:27  Marine  
  45  4:28  SCV  
  51  4:38  SCV  
  51  4:40  SCV  
  51  4:43  Marine  
  51  4:44  Marine  
  53  4:52  Raven  
  53  4:55  SCV, Command Center  
  56  5:03  Siege Tank  
  56  5:04  Marine  
  56  5:06  SCV  
  60  5:10  SCV  
  61  5:18  SCV, Marine  
  62  5:26  Supply Depot, Marine  
  62  5:27  SCV  
  64  5:29  Barracks  
  64  5:30  SCV  
  64  5:32  Barracks  
  65  5:40  SCV  
  66  5:42  SCV  
  66  5:47  Siege Tank  
  70  5:52  Supply Depot, SCV  
  70  5:55  Viking x2, Marine  
  70  5:57  SCV  
  77  6:03  Stimpack  
  77  6:04  Supply Depot, SCV  
  77  6:08  Refinery  
  78  6:13  SCV, Marine  
  78  6:16  SCV  
  81  6:20  Engineering Bay  
  81  6:21  Engineering Bay, Barracks Reactor x2  
  81  6:28  Viking x2  
  84  6:33  SCV, Orbital Command  
  84  6:35  SCV  
  85  6:43  Siege Tank, Marine  
  85  6:45  Refinery, SCV  
  89  6:47  SCV  
  89  6:48  Terran Infantry Weapons Level 1  
  90  6:55  Terran Infantry Armor Level 1  
  90  6:57  Supply Depot, SCV  
  90  6:58  Supply Depot  
  90  6:59  SCV  
  92  7:04  Marine  
  92  7:05  Marine x4  
  97  7:08  Viking  
  97  7:09  SCV  
  97  7:10  SCV  
  97  7:12  SCV  
  97  7:15  Viking  
  104  7:21  SCV  
  104  7:22  Siege Tank  
  108  7:24  Marine x4  
  108  7:25  Marine  
  108  7:27  SCV  
  114  7:30  SCV  
  114  7:31  Supply Depot  
  114  7:33  Supply Depot, SCV  
  116  7:38  Medivac  
  116  7:42  SCV x2, Marine x2  
  122  7:45  Medivac  
  122  7:46  Armory  
  122  7:47  Supply Depot  
  122  7:50  SCV  
  125  7:52  Combat Shield  
  125  7:53  Marine x2  
  125  7:58  Marine  
  127  8:03  SCV  
  127  8:04  Siege Tank, Marine x2  
  134  8:05  SCV  
  134  8:06  SCV  
  134  8:10  Supply Depot x2  
  134  8:11  Barracks x2  
  136  8:15  Viking  
  136  8:16  Viking  
  136  8:18  Marine  
  140  8:24  Marine  
  140  8:27  Marine  
  140  8:33  Marine  
  140  8:34  Marine  
  143  8:36  SCV  
  143  8:38  Command Center  
  143  8:39  Factory  
  144  8:42  Terran Infantry Weapons Level 2  
  144  8:44  Marine  
  145  8:53  Viking x2, Marine  
  145  8:55  Siege Tank  
  153  9:00  Supply Depot  
  153  9:02  Supply Depot  
  153  9:03  Terran Vehicle Weapons Level 1  
  153  9:17  Barracks Tech Lab, Marine  
  153  9:18  Marine x2  
  153  9:19  Concussive Shells, Barracks Tech Lab, Marauder  
  155  9:32  Factory Tech Lab  
  155  9:33  Siege Tank  
  155  9:35  Terran Infantry Armor Level 2  
  155  9:36  Command Center  
  158  9:52  Marauder x3  
  164  9:53  Medivac x2  
  168  10:03  Siege Tank  
  168  10:04  Marine x4  
  175  10:07  Barracks  
  175  10:08  Barracks x2  
  157  10:21  Marine  
  157  10:22  Marauder  
  157  10:24  Marine  
  157  10:25  Marauder  
  157  10:26  Refinery, Siege Tank  
  147  10:30  Refinery  
  147  10:31  Marine  
  147  10:32  Marine x2  
  147  10:34  SCV x2  
  150  10:36  Orbital Command  
  150  10:39  Marauder  
  150  10:40  Siege Tank  
  155  10:46  Marauder, Marine  
  155  10:48  Medivac x2  
  161  10:55  SCV  
  162  10:58  Marauder, Marine  
  162  10:59  Marine x2  
  162  11:00  Terran Infantry Weapons Level 3  
  167  11:05  SCV x2, Barracks Tech Lab x2  
  167  11:10  Marine x3  
  172  11:11  Barracks Tech Lab  
  172  11:16  SCV  
  172  11:17  SCV x3  
  172  11:18  Marine  
  177  11:19  Marauder  
  177  11:22  Marine  
  177  11:23  Siege Tank  
  183  11:29  Marauder x3  
  183  11:30  Marauder  
  183  11:31  Marauder  
  183  11:32  Siege Tank  
  192  11:40  SCV  
  192  11:41  Marauder  
  192  11:42  Marine  
  192  11:46  Marine  
  191  11:47  Medivac x2  
  191  11:50  Marauder x2  
  194  12:04  Orbital Command  
  194  12:07  Command Center, Marine  
  194  12:08  Marauder x2  
  199  12:09  Terran Infantry Armor Level 3, Command Center  
  199  12:10  Terran Vehicle Weapons Level 2  
  199  12:23  Marine  
  200  12:35  Barracks  
  200  12:36  Barracks  
  200  12:38  Barracks, Sensor Tower  
  200  12:49  Sensor Tower  
  200  12:57  Marine  
  200  12:58  Marauder x2  
  197  12:59  Marauder x3  
  197  13:00  Medivac  
  194  13:14  Marine  
  194  13:15  Marauder  
  194  13:19  Marauder  
  197  13:23  SCV x2, Orbital Command x2  
  198  13:33  Marauder x2, Marine  
  197  13:44  Marauder, Marine  
  198  14:02  Marauder  
  196  14:14  Medivac x2  
  196  14:15  Siege Tank  
  194  14:23  Marine x2  
  166  14:24  Marauder x4, Siege Tank  
  166  14:28  Marine  
  166  14:29  Marauder  
  167  14:33  Marine x3  
  167  14:34  Marauder  
  171  14:43  Terran Vehicle Weapons Level 3  
  171  14:44  Medivac x2  
  177  14:45  Marauder  
  177  14:47  Siege Tank  
  177  14:49  Marauder, Marine  
  177  14:51  Marine  
  177  14:52  Marauder  
  184  14:54  Marine  
  184  14:55  Marauder  
  184  14:56  Thor  
  184  14:58  Marine x2  
  184  14:59  Marauder x2  
  185  15:05  Orbital Command  
  180  15:07  Marauder  
  180  15:11  Marauder  
  180  15:13  SCV, Marine  
  184  15:14  Medivac x2, Marauder  
  184  15:16  Marine x3  
  184  15:17  Marauder  
  184  15:20  Marauder x2  
  184  15:21  Marine  
  186  15:28  Marauder, Marine  
  183  15:32  Marauder  
  179  15:35  Marauder  
  179  15:37  Marine  
  179  15:38  Marauder  
  173  15:45  Marauder, Marine x2  
  173  15:46  Marauder  
  173  15:48  Marine  
  169  15:50  Marauder  
  169  15:52  SCV  
  169  15:54  Marauder  
  169  15:55  SCV  
  169  15:56  SCV  
  172  16:00  Marine  
  172  16:01  Marauder  
  172  16:04  Marauder, Marine  
  176  16:05  Marine  
  176  16:06  Siege Tank x2  
  176  16:07  Marauder  
  187  16:13  Command Center  
  187  16:14  Command Center  
  169  16:32  SCV  
  163  16:36  Marine  
  163  16:37  Marauder  
  162  16:42  Orbital Command, Marine  
  162  16:43  Marauder  
  161  16:50  Marine  
  161  16:51  Marauder x2  
  155  16:57  Marine  
  155  16:58  Marauder x2  
  155  16:59  Marauder  
  155  17:00  Siege Tank, Marine  
  155  17:01  Medivac x2, Siege Tank  
  169  17:04  Marauder  
  169  17:05  SCV  
  169  17:06  Marine  
  167  17:12  Marauder, Marine  
  167  17:13  Marauder  
  167  17:15  Marine  
  156  17:17  Marine  
  156  17:19  Marauder  
  156  17:20  Marauder x2  
  156  17:21  SCV  
  164  17:23  Marine  
  164  17:26  Marauder  
  164  17:29  SCV  
  168  17:30  Marine  
  168  17:34  SCV, Marauder  
  149  17:39  Marine  
  149  17:40  Marauder, Siege Tank  
  149  17:41  Marauder x2  
  149  17:42  Marine  
  158  17:45  SCV  
  158  17:46  Orbital Command  
  158  17:48  SCV  
  158  17:50  SCV  
  161  17:57  SCV x3  
  164  17:58  Orbital Command  
  158  18:11  Marine  
  158  18:12  Thor, Marauder x2  
  158  18:21  Marine  
  158  18:22  Marauder  
  158  18:23  Marauder x2, Siege Tank  
  168  18:27  SCV  
  168  18:28  SCV x3  
  168  18:29  SCV x2  
  174  18:34  Marine  
  174  18:35  Marauder, Marine  
  174  18:36  Marauder  
  180  18:45  Marine  
  180  18:46  Marauder  
  183  18:51  Marine  
  183  18:52  Marauder  
  183  18:55  Siege Tank  
  187  18:59  Thor  
  189  19:03  Terran Vehicle And Ship Armor Level 1  
  189  19:08  Marine  
  189  19:09  Marauder  
  192  19:17  Factory  
  192  19:19  Factory  
  192  19:21  Refinery x2  
  192  19:23  Refinery  
  192  19:24  Refinery  
  192  19:41  Command Center, Sensor Tower  
  192  19:42  Refinery  
  192  19:43  Marauder x2, Marine  
  192  19:44  Marauder  
  198  19:52  Marauder, Marine  
  199  19:53  Sensor Tower  
  183  20:09  SCV, Marauder, Marine  
  183  20:10  Marine  
  183  20:11  Marauder  
  183  20:14  Marine x4  
  166  20:15  Factory Tech Lab, Marauder x2, Siege Tank x2  
  166  20:16  Factory Tech Lab  
  161  20:21  Medivac  
  161  20:24  SCV  
  161  20:26  Marine  
  161  20:28  Marine  
  157  20:31  Marauder  
  157  20:32  Marauder, Marine  
  157  20:33  Marine  
  157  20:34  Marauder x2  
  168  20:36  Marauder  
  168  20:38  Marine  
  170  20:52  Marauder  
  172  20:58  SCV  
  172  21:01  Marine  
  172  21:02  Marauder x3, Siege Tank  
  168  21:12  Marauder, Marine  
  168  21:13  Marine  
  168  21:14  Marauder  
  168  21:15  Marauder, Marine  
  171  21:19  Refinery  
  168  21:25  Refinery  
Show
View Real Time Build Order
Export as new Build Order

Azure Terran 

Build Orders: Mech 

Get SALT Encoding   

  12  0:00  SCV  
  13  0:12  SCV  
  14  0:16  Supply Depot  
  14  0:24  SCV  
  15  0:38  SCV  
  15  0:40  Barracks  
  16  0:43  Refinery  
  16  0:50  SCV  
  16  0:54  Refinery  
  17  1:02  SCV  
  18  1:14  SCV  
  19  1:27  Reaper, Orbital Command  
  20  1:32  Supply Depot  
  20  1:42  Factory  
  20  1:54  SCV  
  21  1:59  Reaper  
  22  2:06  SCV  
  23  2:17  Command Center  
  23  2:18  SCV  
  24  2:26  Hellion  
  26  2:30  SCV  
  26  2:31  Reaper  
  26  2:36  Supply Depot  
  28  2:42  SCV  
  29  2:47  Widow Mine  
  31  2:52  Starport  
  31  2:57  SCV  
  32  3:04  Barracks Tech Lab  
  32  3:05  Refinery  
  32  3:09  SCV  
  32  3:10  Factory Tech Lab  
  33  3:22  SCV  
  34  3:29  Cyclone  
  34  3:30  Orbital Command  
  34  3:34  SCV  
  38  3:37  Banshee  
  38  3:40  Barracks Reactor  
  41  3:46  SCV  
  42  3:51  Supply Depot  
  42  3:57  SCV  
  42  3:58  SCV  
  42  4:01  Siege Tank  
  42  4:13  SCV  
  40  4:18  SCV  
  39  4:27  Marine x2  
  39  4:28  SCV  
  39  4:31  SCV  
  41  4:38  Raven  
  43  4:40  SCV  
  43  4:43  SCV  
  43  4:44  Marine  
  43  4:45  Marine  
  47  4:52  SCV  
  48  4:56  Siege Tank  
  48  4:57  SCV  
  52  5:03  Command Center  
  52  5:04  SCV  
  52  5:05  Marine  
  52  5:06  Marine  
  55  5:10  SCV  
  56  5:16  SCV  
  54  5:22  SCV  
  54  5:23  Marine  
  54  5:24  Marine  
  54  5:27  Raven  
  58  5:36  SCV  
  58  5:37  SCV  
  56  5:48  SCV  
  57  5:50  Siege Tank  
  57  5:51  Marine x2  
  62  5:57  Refinery  
  62  5:58  Supply Depot  
  62  6:00  Factory  
  62  6:10  Supply Depot  
  62  6:11  Supply Depot  
  62  6:15  SCV x2  
  64  6:20  Barracks Reactor, Orbital Command  
  64  6:24  Viking  
  64  6:25  Viking  
  68  6:27  SCV x2  
  68  6:35  Siege Tank  
  68  6:39  SCV  
  72  6:40  SCV  
  73  6:51  SCV  
  73  6:52  SCV x2  
  76  6:54  Viking x2  
  76  7:00  Siege Tank  
  83  7:03  SCV  
  83  7:04  SCV x2  
  83  7:07  Engineering Bay, Refinery  
  86  7:09  Factory  
  86  7:15  SCV  
  87  7:19  Siege Tank  
  87  7:20  SCV  
  87  7:21  SCV  
  92  7:25  Supply Depot  
  92  7:26  Supply Depot x2  
  92  7:27  SCV  
  92  7:29  Viking  
  95  7:32  Viking  
  95  7:33  SCV x2  
  99  7:39  SCV, Missile Turret  
  99  7:42  Supply Depot  
  100  7:45  SCV  
  100  7:47  SCV, Siege Tank  
  105  7:51  SCV  
  105  7:53  Supply Depot  
  105  7:55  Supply Depot  
  105  7:56  Siege Tank  
  105  7:57  SCV, Hellion x2  
  114  7:59  SCV  
  114  8:00  Viking  
  114  8:03  Viking  
  120  8:05  SCV  
  120  8:09  SCV  
  121  8:15  Command Center  
  121  8:17  SCV  
  122  8:30  Hellion, Siege Tank  
  122  8:31  Hellion, Siege Tank  
  132  8:43  Armory  
  132  8:44  Supply Depot, Armory  
  132  8:49  Missile Turret  
  132  8:50  Missile Turret  
  132  8:52  Missile Turret  
  132  8:54  Missile Turret  
  135  8:56  Hellion x2  
  135  9:02  Factory x2  
  135  9:03  SCV x2  
  135  9:08  Siege Tank  
  135  9:09  Siege Tank  
  142  9:20  Sensor Tower  
  142  9:21  Missile Turret  
  142  9:22  Hellion, Missile Turret  
  142  9:23  Hellion, Viking  
  148  9:28  Viking  
  148  9:34  Infernal Pre-Igniter  
  148  9:50  Siege Tank  
  148  9:52  Factory Tech Lab, Factory Reactor  
  148  9:53  Hellion  
  148  9:54  Hellion  
  148  9:55  Viking  
  148  9:59  Viking  
  152  10:25  Viking  
  150  10:29  Viking  
  150  10:31  Hellion  
  150  10:32  Hellion x3  
  163  10:39  Terran Vehicle Weapons Level 1  
  163  10:41  Terran Vehicle And Ship Armor Level 1  
  160  10:48  Command Center x2  
  160  10:53  Refinery  
  160  10:54  Refinery, Planetary Fortress  
  160  10:55  SCV, Viking  
  163  10:59  SCV x2, Viking  
  163  11:00  Sensor Tower  
  163  11:03  Hellion x2  
  171  11:08  Supply Depot x2  
  171  11:26  Supply Depot  
  171  11:27  Supply Depot  
  171  11:28  Factory Tech Lab  
  171  11:29  Supply Depot, Hellion, Siege Tank x2  
  171  11:30  Hellion  
  169  11:47  Hellion x2  
  167  11:57  SCV x3  
  169  12:01  Liberator x2  
  170  12:13  Factory  
  170  12:14  Factory  
  170  12:17  Factory, Orbital Command  
  170  12:33  Hellion  
  170  12:34  Thor, Hellion x3  
  184  12:41  Thor  
  190  12:44  Liberator x2  
  192  13:05  Hellion x4  
  182  13:14  SCV  
  182  13:15  Factory Tech Lab x2  
  182  13:16  Factory Reactor  
  181  13:20  Siege Tank x2  
  181  13:21  Terran Vehicle Weapons Level 2  
  181  13:25  Terran Vehicle And Ship Armor Level 2  
  184  13:42  Thor  
  190  13:50  Command Center  
  190  13:51  Command Center  
  187  14:02  Siege Tank  
  187  14:03  Siege Tank  
  187  14:06  Siege Tank  
  187  14:09  Hellion x3  
  197  14:21  Siege Tank  
  197  14:22  Hellion x3  
  184  14:25  Siege Tank  
  184  14:42  Siege Tank  
  181  14:53  Siege Tank x2  
  181  14:54  Hellion x2  
  185  15:05  Hellion, Siege Tank x2  
  185  15:06  Hellion x3  
  191  15:22  Siege Tank  
  191  15:25  Siege Tank  
  191  15:27  Siege Tank  
  192  15:38  Refinery  
  192  15:43  Siege Tank x2  
  192  15:44  Hellion, Refinery  
  192  15:48  Planetary Fortress  
  200  15:55  Command Center  
  200  15:59  Orbital Command  
  200  16:02  Command Center  
  200  16:22  Siege Tank  
  200  16:23  Hellion  
  188  16:38  Siege Tank  
  188  16:39  Hellion  
  181  16:49  Hellion x2  
  181  16:50  Hellion  
  184  16:58  Factory Tech Lab  
  184  17:00  Factory Tech Lab  
  180  17:08  Hellion  
  172  17:10  SCV x2, Siege Tank  
  172  17:11  Hellion  
  175  17:20  Factory  
  175  17:22  Factory  
  175  17:26  Command Center  
  175  17:28  Terran Vehicle Weapons Level 3, Terran Vehicle And Ship Armor Level 3  
  175  17:29  Command Center  
  169  17:36  Siege Tank  
  139  17:42  Siege Tank  
  139  17:43  Hellion x4, Siege Tank  
  125  17:52  Starport  
  125  17:53  SCV x2, Planetary Fortress  
  125  17:54  SCV  
  125  17:55  SCV  
  129  18:05  SCV x2  
  131  18:06  SCV  
  131  18:07  SCV  
  131  18:10  Siege Tank  
  132  18:17  Siege Tank  
  132  18:22  Hellion x2  
  132  18:23  Hellion x3  
  132  18:24  SCV x5  
  145  18:29  Refinery  
  145  18:30  Refinery  
  145  18:31  Starport Reactor  
  145  18:33  SCV  
  146  18:36  SCV x5  
  146  18:38  Siege Tank  
  146  18:40  Hellion x2  
  158  18:42  Orbital Command  
  142  18:57  Siege Tank  
  142  18:58  Siege Tank  
  142  18:59  Hellion x4  
  156  19:10  Siege Tank  
  156  19:23  Siege Tank  
  161  19:24  Hellion, Missile Turret  
  161  19:25  Missile Turret  
  161  19:29  SCV x2  
  163  19:39  Planetary Fortress  
  163  19:44  Siege Tank  
  166  19:52  Hellion  
  166  19:55  Refinery  
  166  19:56  Refinery  
  137  20:19  Siege Tank  
  137  20:20  Hellion x4  
  116  20:28  Liberator x2  
  116  20:34  SCV x2  
  118  20:35  SCV x2  
  118  20:40  Siege Tank  
  119  20:58  Siege Tank  
  119  21:00  Hellion x4  
  112  21:06  SCV  
  107  21:11  Viking  
  109  21:20  SCV  
  109  21:21  SCV  
  109  21:22  Hellion x4  
Tags
 
Add a new tag
Caveats
  • Supply blocks, unpowered buildings, or Contaminate may cause inaccurate times.
  • Supply counts are checked every 10 seconds.